 Dungeon Crawl Stone Soup version 0.30.1 (webtiles) character file.

Game seed: 9113596330245971073

94 cowcol the Trooper (level 4, 0/41 HPs)
             Began as a Minotaur Fighter on July 11, 2023.
             Succumbed to an orc wizard's poison
             ... on level 3 of the Dungeon.
             The game lasted 00:06:21 (1404 turns).

cowcol the Trooper (Minotaur Fighter)               Turns: 1404, Time: 00:06:21

Health: 0/41       AC: 10    Str: 23    XL:     4   Next: 38%
Magic:  3/3        EV:  9    Int:  5    God:
Gold:   82         SH:  5    Dex:  9    Spells: 3/3 levels left

rFire   . . .        a - +0 war axe
rCold   . . .        c - +1 buckler
rNeg    . . .        b - +0 scale mail
rPois   +            (helmet restricted)
rElec   .            g - +1 cloak {rPois}
rCorr   .            (no gloves)
SInv    .            s - +0 pair of boots
Will    .....        (no amulet) Stlth
                     (no ring)
HPRegen 0.26/turn    (no ring)
MPRegen 0.08/turn

%: no passive effects
@: lethally poisoned (0 -> -3)
A: horns 2, retaliatory headbutt
a: no special abilities


You were on level 3 of the Dungeon.
You visited 1 branch of the dungeon, and saw 3 of its levels.

You collected 82 gold pieces.

Inventory:

Hand Weapons
 a - a +0 war axe (weapon)
Missiles
 h - 3 curare-tipped darts (quivered)
 l - 4 boomerangs
 t - 17 poisoned darts
Armour
 b - a +0 scale mail (worn)
 c - a +1 buckler (worn)
 g - a +1 cloak of poison resistance (worn)
 s - a +0 pair of boots (worn)
Wands
 q - a wand of iceblast (10)
Scrolls
 e - a scroll of magic mapping
 f - 2 scrolls of poison
 m - a scroll of teleportation
 n - a scroll of fear
 p - a scroll of summoning
Potions
 d - 2 potions of might
 i - a potion of resistance {unknown}
 j - 3 potions of curing {unknown}
 k - 2 potions of heal wounds
 o - a potion of ambrosia {unknown}
 r - a potion of cancellation {unknown}


   Skills:
 + Level 4.6 Fighting
 + Level 4.0 Axes
 + Level 0.5 Throwing
 + Level 4.5 Armour
 - Level 3.6 Shields


You had 3 spell levels left.
You didn't know any spells.
Your spell library contained the following spells:

 Spells                   Type           Power      Damage    Failure   Level
 Sandblast                Erth           0%         2d4       83%         1
 Passwall                 Tmut/Erth      0%         N/A       93%         2
 Sublimation of Blood     Necr           0%         N/A       93%         2
 Portal Projectile        Hex/Tloc       0%         N/A       99%         3
 Stone Arrow              Conj/Erth      0%         3d7       99%         3
 Tukima's Dance           Hex            0%         N/A       99%         3
 Petrify                  Tmut/Erth      0%         N/A       100%        4
 Blade Hands              Tmut           0%         N/A       100%        5
 Irradiate                Conj/Tmut      0%         3d11      100%        5


Dungeon Overview and Level Annotations

Branches:
Dungeon (3/15)

Altars:
Qazlal


Innate Abilities, Weirdness & Mutations

You have a pair of horns on your head.
You reflexively headbutt those who attack you in melee.


Message History

Something hits you.
You closely miss something. Your headbutt misses something.
An orc comes into view. It is wielding a +0 hand axe.
Something hits you.
You are poisoned.
An orc wizard comes into view. It is wielding a +0 dagger.
You closely miss something.
You feel very sick.
The orc wizard points at you and mumbles some strange words.
The magic dart hits something!
Something hits you but does no damage.
You hear some strange, mumbled words.
A magic dart appears from out of thin air!
The magic dart hits you. The orc hits you but does no damage.
The orc attacks as you move away! The orc hits you with a +0 hand axe.
Something hits you but does no damage.
You are more poisoned.
You feel very sick.
* * * LOW HITPOINT WARNING * * *
You feel very sick.
You hear some strange, mumbled words.
A puff of flame appears from out of thin air!
You block the puff of flame. The orc attacks as you move away!
The orc closely misses you.
* * * LOW HITPOINT WARNING * * *
You feel very sick.
A puff of flame appears from out of thin air!
The puff of flame hits you.
* * * LOW HITPOINT WARNING * * *
As you read the scroll of fear, it crumbles to dust.
You assume a fearsome visage.
The orc looks frightened!
The orc priest looks frightened!
The orc looks frightened!
The orc wizard looks frightened!
The worm looks frightened!
* * * LOW HITPOINT WARNING * * *
You feel sick.
The orc wizard casts a spell.
The orc wizard flickers and vanishes!
* * * LOW HITPOINT WARNING * * *
You feel sick.
* * * LOW HITPOINT WARNING * * *
You feel sick.
You die...

#....{..###.
#...........
#...o..o#
#....o..#
##.......#
#..#######
#...# #####
#...# #...#
#..@# #.8.#
#.⌠.###...####
#...........[#
###........>.#
#..........#
####.......####
#..........#
#.<........###
#............#


There were no monsters in sight!

Vanquished Creatures
  A gnoll (D:2)
  2 adders (D:2)
  2 worms (D:2)
  3 dart slugs
  4 endoplasms
  A giant cockroach (D:1)
  5 goblins
  7 hobgoblins
  6 jackals
  A quokka (D:1)
  3 ball pythons
  3 bats
  3 frilled lizards
  5 kobolds
  7 rats
53 creatures vanquished.

Notes
Turn   | Place    | Note
-------+----------+-------------------------------------------
     0 | D:1      | cowcol the Minotaur Fighter began the quest for the Orb.
     0 | D:1      | Reached XP level 1. HP: 19/19 MP: 0/0
    92 | D:1      | Reached XP level 2. HP: 27/27 MP: 1/1
   377 | D:1      | Reached XP level 3. HP: 33/33 MP: 2/2
   875 | D:2      | Reached XP level 4. HP: 33/41 MP: 3/3
  1031 | D:2      | Found a stormy altar of Qazlal.
  1402 | D:3      | HP: 2/41 [poisoned by an orc wizard]
  1404 | D:3      | Succumbed to an orc wizard's poison

Illustrated notes

Levels and vault maps discovered:
D:1:      minmay_arrival_hallway, layout_basic, st_stairs_13
D:2:      layout_basic, basic_altar, minmay_pentomino_pile
D:3:      layout_basic, serial_glass, glass_columns_a, glass_columns_c,
          nicolae_elevator_lobby_asterisk

Skill      XL: |  1  2  3  4 |
---------------+-------------+-----
Fighting       | 4 |  4.6
Armour         | 4 |  4.5
Axes           | 3 4 |  4.0
Throwing       | |  0.5
Shields        | |  3.6

Action                     |  1- 3 |  4- 6 || total
---------------------------+-------+-------++-------
  Melee: War axe           |    72 |    25 ||    97
         Headbutt          |    11 |     4 ||    15
  Throw: Dart              |     7 |     1 ||     8
    Use: Scroll            |     5 |     3 ||     8
         Potion            |       |     1 ||     1
 Armour: Scale mail        |    29 |    15 ||    44
  Dodge: Dodged            |    40 |    10 ||    50
  Block: Buckler           |    21 |     9 ||    30
